AoeStats
← thunder bun

Arabia

508936080Analyzed
1v1 RM · 6d ago on Sep 24, 2026· 16m 32s· 2 players
Game mode
Random Map
Map size
Tiny (2 player)
Population
200
Speed
Normal
Resources
Standard
Victory
Conquest
Starting age
Dark Age
Ending age
Imperial Age
RankedLock teamsTeams togetherTeam positionsShared explorationLock speedFull tech treeHidden civsTurbo modeCheats
Victory
Defeat
🇹🇼 Cumans · Taiwan
2176
+23
🇦🇷 Poles · Argentina
2337
-23
thunder bun
6:34 Loom
9:12 Feudal Age
11:49 Fletching
XEVER | Rivux
6:37 Loom
9:15 Feudal Age
10:37 Double-Bit Axe
10:32 Horse Collar
16:55 Fletching
Connection lost

Rejoining the realm…

Still unreachable

The connection could not be restored.

Session expired

The server has moved on; the page needs a fresh start.